 Dungeon Crawl Stone Soup version 0.30.0-5-g1a98f26d00 (webtiles) character file.

Game seed: 13129397502643911555

16 SeerSkye the Trooper (level 2, -5/27 HPs)
             Began as a Minotaur Fighter on May 10, 2023.
             Slain by a gnoll
             ... wielding a +0 flail
              (8 damage)
             ... on level 1 of the Dungeon.
             The game lasted 00:00:22 (287 turns).

SeerSkye the Trooper (Minotaur Fighter)              Turns: 287, Time: 00:00:23

Health: -5/27      AC:  6    Str: 20    XL:     2   Next: 37%
Magic:  1/1        EV:  9    Int:  5    God:
Gold:   16         SH:  4    Dex:  9    Spells: 1/1 levels left

rFire   . . .        a - +0 war axe
rCold   . . .        c - +0 buckler
rNeg    . . .        b - +0 scale mail
rPois   .            (helmet restricted)
rElec   .            (no cloak)
rCorr   .            (no gloves)
SInv    .            (no boots)
Will    .....        (no amulet) Stlth
                     (no ring)
HPRegen 0.24/turn    (no ring)
MPRegen 0.07/turn

%: no passive effects
@: mighty
A: horns 2, retaliatory headbutt
a: no special abilities


You were on level 1 of the Dungeon.
You visited 1 branch of the dungeon, and saw 1 of its levels.

You collected 16 gold pieces.

Inventory:

Hand Weapons
 a - a +0 war axe (weapon)
Armour
 b - a +0 scale mail (worn)
 c - a +0 buckler (worn)
Scrolls
 e - a scroll of fear {unknown}
 h - a scroll of identify {unknown}
Potions
 f - 4 potions of curing {unknown}
 g - a potion of flight {unknown}


   Skills:
 + Level 4.0 Fighting
 * Level 3.3 Axes
 - Level 3.6 Armour
 - Level 3.6 Shields


You had one spell level left.
You didn't know any spells.
Your spell library was empty.

Dungeon Overview and Level Annotations

Branches:
Dungeon (1/15) Zot: 5702

Altars:


Innate Abilities, Weirdness & Mutations

You have a pair of horns on your head.
You reflexively headbutt those who attack you in melee.


Message History

A jackal, a gnoll and a dart slug come into view.
Found a sling.
The jackal barks!
The gnoll shouts!
The dart slug launches a dart at you.
The slug dart hits you but does no damage.
A jackal and a quokka come into view.
Found a book of Changes.
The jackal barks!
A dart slug comes into view.
Found 4 gold pieces.
You completely miss the jackal. The jackal barely misses you.
The jackal bites you.
You barely miss the gnoll. You closely miss the jackal.
The gnoll barely misses you. You block the jackal's attack.
The jackal closely misses you. You furiously retaliate!
You headbutt the jackal. The gnoll hits you with a +0 flail.
The jackal barely misses you.
You slash the jackal!
You kill the jackal!
You hit the gnoll. You closely miss the jackal. You block the jackal's attack.
The gnoll hits you with a +0 flail!
You barely miss the gnoll.
The gnoll is moderately wounded.
You closely miss the jackal. You hit the dart slug.
You closely miss the quokka.
The jackal bites you but does no damage.
You block the quokka's attack.
The jackal bites you but does no damage.
The gnoll hits you with a +0 flail!
* * * LOW HITPOINT WARNING * * *
The quokka barely misses you. The dart slug launches a dart at you.
The slug dart hits you but does no damage.
You are too injured to fight recklessly!
Unknown command.
You feel very mighty all of a sudden. The jackal bites you.
* * * LOW HITPOINT WARNING * * *
The gnoll hits you with a +0 flail!
You die...

.. .. #. #.# #####
.. . # #.####
#...# ..
#....#####...# ..
####....>....# ~~
######....# ~~
.###########.....#
~~
.............#####
~~ #.......######
.. .)....r@.# ~≈
......ghw# ~~
....w....# ~~
.........# ~≈
.........# ..
:........# ##
.........#
.......$.#


You could see a gnoll, 2 dart slugs, a quokka and a jackal.

Vanquished Creatures
  A ball python (D:1)
  4 endoplasms (D:1)
  A hobgoblin (D:1)
  A jackal (D:1)
  A bat (D:1)
  A frilled lizard (D:1)
  4 kobolds (D:1)
  3 rats (D:1)
16 creatures vanquished.

Notes
Turn   | Place    | Note
-------+----------+-------------------------------------------
     0 | D:1      | SeerSkye the Minotaur Fighter began the quest for the Orb.
     0 | D:1      | Reached XP level 1. HP: 19/19 MP: 0/0
   103 | D:1      | Reached XP level 2. HP: 25/27 MP: 1/1
   159 | D:1      | Reached skill level 4 in Fighting
   287 | D:1      | Slain by a gnoll

Illustrated notes

Levels and vault maps discovered:
D:1:      giann_bridges, layout_rooms

Skill      XL: |  1  2 |
---------------+-------+-----
Axes           | 3 |  3.3
Fighting       | 4 |  4.0
Armour         | |  3.6
Shields        | |  3.6

Action                     || total
---------------------------++-------
  Melee: War axe           ||    25
         Headbutt          ||     2
    Use: Potion            ||     1
 Armour: Scale mail        ||    11
  Dodge: Dodged            ||     9
  Block: Buckler           ||     9
